| TOP OF THE 1ST |
|
Auburn Doubledays batting - Pitching for Milwaukee (NYP) Brewers : LHP Brian Rich
|
|
Pitching: LHP Brian Rich
|
|
|
Batting: RHB Derek Moran
|
0-0: Ground out 1-3 (Groundball, 13, EV 67.5 MPH)
|
|
Batting: RHB Tony Madrigal
|
0-0: Ground out 3-1 (Groundball, 34, EV 77.5 MPH)
|
|
Batting: RHB Deshawn Boseman
|
0-0: Ball 1-0: Foul Ball, location: 2F 1-1: Swinging Strike 1-2: Strikes out looking
|
| Top of the 1st over - 0 runs, 0 hits, 0 errors, 0 left on base; Auburn 0 - Milwaukee (NYP) 0 |
| BOTTOM OF THE 1ST |
|
Milwaukee (NYP) Brewers batting - Pitching for Auburn Doubledays : RHP Luis Astudillo
|
|
Pitching: RHP Luis Astudillo
|
|
|
Batting: SHB Aaron Neill
|
0-0: Ball 1-0: Foul Ball, location: 2F 1-1: Ground out 4-3 (Groundball, 4, EV 104.4 MPH)
|
|
Batting: RHB Ryan Miller
|
0-0: Reached on error, E3 (Groundball, 34, EV 101.2 MPH)
|
|
Batting: LHB Jason Raker
|
0-0: Grounds into double play, 4-6-3 (Groundball, 4, EV 104.4 MPH)
|
| Bottom of the 1st over - 0 runs, 0 hits, 1 error, 0 left on base; Auburn 0 - Milwaukee (NYP) 0 |
| TOP OF THE 2ND |
|
Auburn Doubledays batting - Pitching for Milwaukee (NYP) Brewers : LHP Brian Rich
|
|
Batting: LHB Erik Beezley
|
0-0: Ball 1-0: Called Strike 1-1: Ball 2-1: Foul Ball, location: 2F 2-2: Foul Ball, location: 2F 2-2: Strikes out swinging
|
|
Batting: RHB Naofumi Ishida
|
0-0: Ball 1-0: Foul Ball, location: 2F 1-1: Foul Ball, location: 2F 1-2: Ball 2-2: Foul Ball, location: 2F 2-2: Ball 3-2: Foul Ball, location: 2F 3-2: Foul Ball, location: 2F 3-2: Ground out 5-3 (Groundball, 56S, EV 91.9 MPH)
|
|
Batting: RHB Victor Cintron
|
0-0: Ball 1-0: Foul Ball, location: 2F 1-1: SINGLE (Groundball, 25, EV 71.9 MPH) (infield hit)
|
|
Batting: RHB Joe Young
|
0-0: Ball 1-0: Ball Wild Pitch! Victor Cintron to second 2-0: Called Strike 2-1: Ground out 6-3 (Groundball, 6, EV 86.2 MPH)
|
| Top of the 2nd over - 0 runs, 1 hit, 0 errors, 1 left on base; Auburn 0 - Milwaukee (NYP) 0 |
| BOTTOM OF THE 2ND |
|
Milwaukee (NYP) Brewers batting - Pitching for Auburn Doubledays : RHP Luis Astudillo
|
|
Batting: LHB Sal Burgos
|
0-0: Foul Ball, location: 2F 0-1: Ball 1-1: Ball 2-1: Foul Ball, location: 2F 2-2: Ball 3-2: Strikes out swinging
|
|
Batting: SHB Sam Bingham
|
0-0: SINGLE (Flyball, 34D, EV 91.2 MPH)
|
|
Batting: RHB Herb McIntyre
|
0-0: Foul Ball, location: 2F 0-1: Called Strike 0-2: Strikes out swinging
|
|
Batting: LHB Umar Matoub
|
0-0: Called Strike Balk! Sam Bingham to second 0-1: Swinging Strike 0-2: Ball 1-2: Ball 2-2: Ball 3-2: Ground out 4-3 (Groundball, 4, EV 80.6 MPH)
|
| Bottom of the 2nd over - 0 runs, 1 hit, 0 errors, 1 left on base; Auburn 0 - Milwaukee (NYP) 0 |
| TOP OF THE 3RD |
|
Auburn Doubledays batting - Pitching for Milwaukee (NYP) Brewers : LHP Brian Rich
|
|
Batting: LHB Elias Posada
|
0-0: Ball 1-0: Swinging Strike 1-1: Foul Ball, location: 2F 1-2: Strikes out looking
|
|
Batting: RHB Travis Stanley
|
0-0: Hit by Pitch
|
|
Batting: RHB Derek Moran
|
0-0: Ball 1-0: Ball 2-0: Called Strike 2-1: Foul Ball, location: 2F 2-2: Foul Ball, location: 2F 2-2: Foul Ball, location: 2F 2-2: Ball 3-2: Base on Balls Travis Stanley to second
|
|
Batting: RHB Tony Madrigal
|
0-0: Ball 1-0: Fly out, F7 (Flyball, 7S, EV 88.8 MPH)
|
|
Batting: RHB Deshawn Boseman
|
0-0: Swinging Strike 0-1: Ball 1-1: SINGLE (Groundball, 6D, EV 98.1 MPH) Travis Stanley to third Derek Moran to second Runner from 3rd tries for Home, SAFE, throw by CF to home
|
|
Batting: LHB Erik Beezley
|
0-0: Called Strike 0-1: Ball 1-1: Foul Ball, location: 2F 1-2: Ball 2-2: Ball 3-2: Base on Balls Derek Moran to third Deshawn Boseman to second
|
|
Batting: RHB Naofumi Ishida
|
0-0: Ball 1-0: Fielders Choice at 2nd, 6-4 (Groundball, 6, EV 105.0 MPH)
|
| Top of the 3rd over - 1 run, 1 hit, 0 errors, 3 left on base; Auburn 1 - Milwaukee (NYP) 0 |
| BOTTOM OF THE 3RD |
|
Milwaukee (NYP) Brewers batting - Pitching for Auburn Doubledays : RHP Luis Astudillo
|
|
Batting: RHB Chris Fruit
|
0-0: Ball 1-0: SINGLE (Groundball, 6D, EV 104.4 MPH)
|
|
Batting: SHB Ramon Perez
|
0-0: Ball 1-0: Called Strike 1-1: Ball 2-1: Foul Ball, location: 2F 2-2: Ball 3-2: Ground out 4-3 (Groundball, 4, EV 91.2 MPH) Chris Fruit to second
|
|
Batting: SHB Aaron Neill
|
0-0: Foul Ball, location: 2F 0-1: Foul Ball, location: 2F 0-2: Ball 1-2: Ball 2-2: Ball 3-2: 2-RUN HOME RUN (Line Drive, 9D, EV 96.2 MPH), Distance : 369 ft
|
|
Batting: RHB Ryan Miller
|
0-0: Ground out 2-3 (Groundball, 2R, EV 65.0 MPH)
|
|
Batting: LHB Jason Raker
|
0-0: TRIPLE (Line Drive, 78XD, EV 107.5 MPH)
|
|
Batting: LHB Sal Burgos
|
0-0: Ball 1-0: Called Strike 1-1: Swinging Strike Balk! Jason Raker scores 1-2: Foul Ball, location: 2F 1-2: Strikes out swinging
|
| Bottom of the 3rd over - 3 runs, 3 hits, 0 errors, 0 left on base; Auburn 1 - Milwaukee (NYP) 3 |
| TOP OF THE 4TH |
|
Auburn Doubledays batting - Pitching for Milwaukee (NYP) Brewers : LHP Brian Rich
|
|
Batting: RHB Victor Cintron
|
0-0: Swinging Strike 0-1: Ball 1-1: Called Strike 1-2: Ball 2-2: Strikes out swinging
|
|
Batting: RHB Joe Young
|
0-0: Ball 1-0: Ball 2-0: Called Strike 2-1: Called Strike 2-2: Ball 3-2: Base on Balls
|
|
Batting: LHB Elias Posada
|
0-0: Ball 1-0: Foul Ball, location: 2F 1-1: Ball 2-1: Ball 3-1: Called Strike 3-2: Fielders Choice at 2nd, 4-6 (Groundball, 4, EV 82.5 MPH)
|
|
Batting: RHB Travis Stanley
|
0-0: Ball 1-0: Called Strike 1-1: Ball 2-1: Called Strike 2-2: Strikes out looking
|
| Top of the 4th over - 0 runs, 0 hits, 0 errors, 1 left on base; Auburn 1 - Milwaukee (NYP) 3 |
| BOTTOM OF THE 4TH |
|
Milwaukee (NYP) Brewers batting - Pitching for Auburn Doubledays : RHP Luis Astudillo
|
|
Batting: SHB Sam Bingham
|
0-0: Ball 1-0: Swinging Strike 1-1: Ball 2-1: Ground out 4-3 (Groundball, 4, EV 102.5 MPH)
|
|
Batting: RHB Herb McIntyre
|
0-0: Called Strike 0-1: Foul Ball, location: 2F 0-2: Ball 1-2: Foul Ball, location: 2F 1-2: Ball 2-2: SINGLE (Line Drive, 4D, EV 101.2 MPH)
|
|
Batting: LHB Umar Matoub
|
0-0: Swinging Strike 0-1: Called Strike Herb McIntyre steals 2nd base 0-2: Ball 1-2: Ball 2-2: Ball 3-2: TRIPLE (Flyball, 78XD, EV 105.6 MPH) Herb McIntyre scores
|
|
Batting: RHB Chris Fruit
|
0-0: Called Strike 0-1: Ball 1-1: Foul Ball, location: 2F 1-2: SINGLE (Groundball, 6S, EV 58.1 MPH) (infield hit) Umar Matoub scores
|
|
Pitching: RHP John Kovach
|
|
|
Batting: SHB Ramon Perez
|
0-0: Ball 1-0: Ball 2-0: Called Strike 2-1: Swinging Strike 2-2: Ball 3-2: Fly out, F7 (Flyball, 7D, EV 93.1 MPH)
|
|
Batting: SHB Aaron Neill
|
0-0: Called Strike Chris Fruit is caught stealing 2nd base 2-6
|
| Bottom of the 4th over - 2 runs, 3 hits, 0 errors, 0 left on base; Auburn 1 - Milwaukee (NYP) 5 |
| TOP OF THE 5TH |
|
Auburn Doubledays batting - Pitching for Milwaukee (NYP) Brewers : LHP Brian Rich
|
|
Batting: RHB Derek Moran
|
0-0: Foul Ball, location: 2F 0-1: Ball 1-1: Foul Ball, location: 2F 1-2: Strikes out swinging
|
|
Pitching: RHP Sho Sekine
|
|
|
Batting: RHB Tony Madrigal
|
0-0: Ball 1-0: Called Strike 1-1: Ball 2-1: Ball 3-1: Base on Balls
|
|
Batting: RHB Deshawn Boseman
|
0-0: Foul Ball, location: 2F 0-1: Ball 1-1: Ball 2-1: Called Strike 2-2: Strikes out swinging
|
|
Batting: LHB Erik Beezley
|
0-0: Called Strike 0-1: Ball 1-1: Ball 2-1: Called Strike 2-2: Ball 3-2: Foul Ball, location: 2F 3-2: Base on Balls Tony Madrigal to second
|
|
Batting: RHB Naofumi Ishida
|
0-0: Swinging Strike 0-1: Ball 1-1: Ground out 5-3 (Groundball, 56S, EV 85.6 MPH)
|
| Top of the 5th over - 0 runs, 0 hits, 0 errors, 2 left on base; Auburn 1 - Milwaukee (NYP) 5 |
| BOTTOM OF THE 5TH |
|
Milwaukee (NYP) Brewers batting - Pitching for Auburn Doubledays : RHP John Kovach
|
|
Batting: SHB Aaron Neill
|
0-0: Foul Ball, location: 2F 0-1: Foul Ball, location: 2F 0-2: Ball 1-2: Strikes out swinging
|
|
Batting: RHB Ryan Miller
|
0-0: Ball 1-0: Fly out, F9 (Flyball, 89S, EV 87.5 MPH)
|
|
Batting: LHB Jason Raker
|
0-0: Called Strike 0-1: Fly out, F4 (Popup, 4M, EV 60.0 MPH)
|
| Bottom of the 5th over - 0 runs, 0 hits, 0 errors, 0 left on base; Auburn 1 - Milwaukee (NYP) 5 |
| TOP OF THE 6TH |
|
Auburn Doubledays batting - Pitching for Milwaukee (NYP) Brewers : RHP Sho Sekine
|
|
Batting: RHB Victor Cintron
|
0-0: SINGLE (Groundball, 56, EV 103.8 MPH)
|
|
Batting: RHB Joe Young
|
0-0: Called Strike 0-1: Ball 1-1: Foul Ball, location: 2F 1-2: Strikes out swinging
|
|
Batting: LHB Elias Posada
|
0-0: Called Strike Victor Cintron is caught stealing 2nd base 2-6 0-1: Foul Ball, location: 2F 0-2: Strikes out swinging
|
| Top of the 6th over - 0 runs, 1 hit, 0 errors, 0 left on base; Auburn 1 - Milwaukee (NYP) 5 |
| BOTTOM OF THE 6TH |
|
Milwaukee (NYP) Brewers batting - Pitching for Auburn Doubledays : RHP John Kovach
|
|
Batting: LHB Sal Burgos
|
0-0: Called Strike 0-1: Swinging Strike 0-2: Foul Ball, location: 2F 0-2: Ball 1-2: Foul Ball, location: 2F 1-2: Ground out 4-3 (Groundball, 4, EV 108.1 MPH)
|
|
Batting: SHB Sam Bingham
|
0-0: Ball 1-0: Foul Ball, location: 2F 1-1: Ball 2-1: Foul Ball, location: 2F 2-2: Fly out, F6 (Popup, 4MD, EV 42.5 MPH)
|
|
Batting: RHB Herb McIntyre
|
0-0: Ground out 4-3 (Groundball, 4M, EV 100.6 MPH)
|
| Bottom of the 6th over - 0 runs, 0 hits, 0 errors, 0 left on base; Auburn 1 - Milwaukee (NYP) 5 |
| TOP OF THE 7TH |
|
Auburn Doubledays batting - Pitching for Milwaukee (NYP) Brewers : RHP Sho Sekine
|
|
Pitching: LHP Tim Phillips
|
|
|
Batting: RHB Travis Stanley
|
0-0: Swinging Strike 0-1: SINGLE (Groundball, 5D, EV 106.9 MPH)
|
|
Batting: RHB Derek Moran
|
0-0: Ball 1-0: Ball 2-0: Ball Travis Stanley is caught stealing 2nd base 2-4 3-0: Base on Balls
|
|
Batting: RHB Tony Madrigal
|
0-0: Ball Derek Moran is caught stealing 2nd base 2-4 1-0: Ground out 1-3 (Groundball, 15, EV 69.4 MPH)
|
| Top of the 7th over - 0 runs, 1 hit, 0 errors, 0 left on base; Auburn 1 - Milwaukee (NYP) 5 |
| BOTTOM OF THE 7TH |
|
Milwaukee (NYP) Brewers batting - Pitching for Auburn Doubledays : RHP John Kovach
|
|
Pitching: RHP Chris Lawrence
|
|
|
Batting: LHB Umar Matoub
|
0-0: Ball 1-0: Called Strike 1-1: Swinging Strike 1-2: Hit by Pitch
|
|
Batting: RHB Chris Fruit
|
0-0: Sac Bunt to 13 - play at first, batter OUT! 1-3 Umar Matoub to second
|
|
Batting: SHB Ramon Perez
|
0-0: Called Strike 0-1: Called Strike 0-2: Ball 1-2: Ball 2-2: Strikes out swinging, 2-3 out at first.
|
|
Batting: SHB Aaron Neill
|
0-0: Called Strike 0-1: Called Strike 0-2: Strikes out swinging
|
| Bottom of the 7th over - 0 runs, 0 hits, 0 errors, 1 left on base; Auburn 1 - Milwaukee (NYP) 5 |
| TOP OF THE 8TH |
|
Auburn Doubledays batting - Pitching for Milwaukee (NYP) Brewers : LHP Tim Phillips
|
|
Batting: RHB Deshawn Boseman
|
0-0: Foul Ball, location: 2F 0-1: Ball 1-1: Foul Ball, location: 2F 1-2: Ball 2-2: SINGLE (Groundball, 56D, EV 97.5 MPH)
|
|
Batting: LHB Erik Beezley
|
0-0: Called Strike 0-1: Called Strike 0-2: Fielders Choice at 2nd, 4-6 (Groundball, 4, EV 90.6 MPH)
|
|
Batting: RHB Naofumi Ishida
|
0-0: Called Strike 0-1: Fly out, F9 (Flyball, 9LM, EV 90.0 MPH)
|
|
Batting: RHB Victor Cintron
|
0-0: Called Strike 0-1: Ball 1-1: Swinging Strike 1-2: Strikes out swinging
|
| Top of the 8th over - 0 runs, 1 hit, 0 errors, 1 left on base; Auburn 1 - Milwaukee (NYP) 5 |
| BOTTOM OF THE 8TH |
|
Milwaukee (NYP) Brewers batting - Pitching for Auburn Doubledays : RHP Chris Lawrence
|
|
Batting: RHB Ryan Miller
|
0-0: Foul Ball, location: 2F 0-1: Foul Ball, location: 2F 0-2: Strikes out looking
|
|
Batting: LHB Jason Raker
|
0-0: SINGLE (Line Drive, 9LS, EV 110.0 MPH)
|
|
Batting: LHB Sal Burgos
|
0-0: Called Strike 0-1: Ball 1-1: Ball 2-1: Called Strike 2-2: Strikes out looking
|
|
Batting: SHB Sam Bingham
|
0-0: Ball 1-0: Swinging Strike 1-1: Ball 2-1: Foul Ball, location: 2F 2-2: Strikes out swinging
|
| Bottom of the 8th over - 0 runs, 1 hit, 0 errors, 1 left on base; Auburn 1 - Milwaukee (NYP) 5 |
| TOP OF THE 9TH |
|
Auburn Doubledays batting - Pitching for Milwaukee (NYP) Brewers : LHP Tim Phillips
|
|
Pitching: RHP Omar Morales
|
|
|
Batting: RHB Joe Young
|
0-0: Called Strike 0-1: Ball 1-1: Ground out 1-3 (Groundball, 13, EV 75.6 MPH)
|
|
Batting: LHB Elias Posada
|
0-0: Foul Ball, location: 2F 0-1: Fly out, F9 (Flyball, 9LSF, EV 88.1 MPH)
|
|
Batting: RHB Travis Stanley
|
0-0: Ball 1-0: Called Strike 1-1: Ball 2-1: Ground out 6-3 (Groundball, 6, EV 93.1 MPH)
|
| Top of the 9th over - 0 runs, 0 hits, 0 errors, 0 left on base; Auburn 1 - Milwaukee (NYP) 5 |
|